Map: Automaton LE

Players

PtitDrogo - Winner!

  • Race: Protoss Protoss
  • Spawn Location: 9:00

Marinelord

  • Race: Terran Terran
  • Spawn Location: 3:00

Event: 2019 WCS Spring

VOD

Have the link to the VOD?

Description

Time

  • Played on: May 17, 2019, 7:28 a.m.
  • Length: 7:43

All games in this series

Show
View Real Time Build Order
Export as new Build Order

PtitDrogo Protoss - Winner!

Build Orders: 1 Gate Expand 

Get SALT Encoding   

  12  0:00  Probe  
  13  0:13  Probe  
  14  0:18  Pylon  
  14  0:25  Probe  
  15  0:33  Probe  
  15  0:38  Gateway  
  15  0:41  Probe  
  16  0:48  Assimilator  
  17  0:51  Probe  
  18  1:03  Probe  
  19  1:15  Probe  
  20  1:27  Nexus  
  20  1:34  Cybernetics Core  
  20  1:37  Probe  
  21  1:43  Assimilator  
  21  1:49  Probe  
  21  1:52  Pylon  
  22  2:00  Warp Gate  
  22  2:01  Stalker, Probe  
  23  2:14  Robotics Facility  
  25  2:17  Probe  
  26  2:29  Probe  
  27  2:39  Probe  
  27  2:40  Sentry  
  27  2:41  Probe  
  31  2:50  Gateway  
  31  2:52  Gateway, Warp Prism  
  34  3:05  Probe  
  34  3:08  Probe  
  35  3:17  Probe  
  36  3:20  Probe  
  36  3:23  Shield Battery  
  37  3:28  Pylon  
  37  3:29  Observer, Probe  
  37  3:32  Probe  
  40  3:42  Probe  
  41  3:49  Stalker x3  
  41  3:52  Pylon  
  41  3:54  Observer  
  48  4:08  Probe x2  
  50  4:12  Stalker x3  
  56  4:20  Pylon  
  56  4:28  Probe  
  43  4:37  Zealot x2  
  23  5:55  Stalker  
  25  6:32  Probe  
  26  6:43  Probe  
Show
View Real Time Build Order
Export as new Build Order

Marinelord Terran 

Build Orders: Gas First Reaper Expand, Liberator Opening 

Get SALT Encoding   

  12  0:00  SCV  
  13  0:13  SCV  
  14  0:17  Supply Depot  
  14  0:25  SCV  
  15  0:30  Refinery  
  15  0:39  SCV  
  16  0:45  Barracks  
  16  0:51  SCV  
  17  1:03  SCV  
  18  1:15  SCV  
  19  1:31  Orbital Command  
  19  1:32  Reaper  
  20  1:47  Command Center  
  20  1:57  SCV  
  21  2:02  Factory  
  21  2:07  Barracks Reactor  
  21  2:09  SCV  
  21  2:14  Supply Depot  
  22  2:21  SCV  
  23  2:26  Refinery  
  23  2:36  SCV  
  24  2:48  SCV  
  24  2:50  Starport  
  25  2:52  Hellion x2  
  29  2:59  Orbital Command  
  29  3:00  SCV  
  30  3:10  Liberator  
  31  3:12  SCV  
  31  3:14  Hellion  
  31  3:15  Hellion  
  35  3:24  SCV x2  
  40  3:37  Hellion x2  
  40  3:40  Barracks Tech Lab  
  45  3:42  Supply Depot  
  45  3:43  SCV  
  45  3:45  SCV  
  46  3:51  Supply Depot  
  46  4:04  SCV x2  
  46  4:05  Supply Depot  
  46  4:09  Marine  
  49  4:10  Viking  
  49  4:12  Marine  
  49  4:16  SCV x2  
  49  4:27  Marine  
  49  4:28  SCV x2  
  28  4:52  Viking  
  24  5:34  Orbital Command  
  24  5:49  Widow Mine  
  26  6:14  Viking  
  26  6:18  SCV  
  27  6:30  SCV  
  28  6:36  Refinery  
  28  6:42  SCV  
  29  6:54  SCV  
  30  7:06  SCV  
  24  7:18  SCV  
  21  7:30  SCV  
Tags
 
Add a new tag
Caveats
  • Supply blocks, unpowered buildings, or Contaminate may cause inaccurate times.
  • Supply counts are checked every 10 seconds.